 Dungeon Crawl Stone Soup version 0.30-a0-777-ga9a30cbeda (webtiles) character file.

Game seed: 3741383153244361269

458 bande the Chopper (level 7, 44/44 HPs)
             Began as a Gargoyle Fighter on Feb 14, 2023.
             Quit the game on level 3 of the Dungeon.
             The game lasted 00:04:55 (2597 turns).

bande the Chopper (Gargoyle Fighter)                Turns: 2597, Time: 00:04:56

Health: 44/44      AC: 18    Str: 17    XL:     7   Next: 6%
Magic:  7/7        EV:  6    Int:  9    God:
Gold:   112        SH:  4    Dex: 11    Spells: 6/6 levels left

rFire   . . .      SeeInvis .    a - +1 war axe
rCold   . . .      Faith    .    c - +0 buckler
rNeg    + . .      Spirit   .    l - +0 chain mail
rPois   ∞          Reflect  .    (helmet restricted)
rElec   +          Harm     .    (no cloak)
rCorr   .          Rampage  .    (no gloves)
Will    .....                    (no boots) Stlth
                                 (no amulet)
HPRegen 0.27/turn                j - +4 ring of protection
MPRegen 0.10/turn                (no ring)

@: no status effects
A: sickness immunity, AC +4, negative energy resistance 1, electricity
resistance, torment resistance 1, petrification resistance, antennae 1,
deterioration 1, passive freeze, weak 1
a: no special abilities


You were on level 3 of the Dungeon.
You visited 1 branch of the dungeon, and saw 3 of its levels.
You also visited: Sewer.

You collected 112 gold pieces.

Inventory:

Hand Weapons
 a - a +1 war axe (weapon)
 i - a +0 flail of protection
Armour
 c - a +0 buckler (worn)
 l - a +0 chain mail (worn)
Jewellery
 h - an amulet of magic regeneration
 j - a +4 ring of protection (left hand)
Scrolls
 b - 2 scrolls of blinking
 f - a scroll of teleportation
 m - a scroll of amnesia
Potions
 d - 3 potions of might
 e - a potion of haste {unknown}
 g - a potion of cancellation {unknown}
 k - a potion of mutation
 n - 2 potions of curing {unknown}
 o - 3 potions of attraction {unknown}
 p - 2 potions of degeneration {unknown}


   Skills:
 + Level 4.7 Fighting
 + Level 5.0 Axes
 + Level 4.6 Armour
 + Level 4.0 Shields


You had 6 spell levels left.
You didn't know any spells.
Your spell library contained the following spells:

 Spells                   Type           Power      Damage    Failure   Level
 Summon Forest            Summ/Tloc      0%         N/A       100%        5
 Eringya's Noxious Bog    Tmut/Pois      0%         N/A       100%        6
 Summon Hydra             Summ           0%         N/A       100%        7


Dungeon Overview and Level Annotations

Branches:
Dungeon (3/15)              Sewer (visited)

Altars:


Innate Abilities, Weirdness & Mutations

You are immune to sickness and miasma.
Your stone body is resilient. (AC +4)
You are immune to poison.
You resist negative energy. (rN+)
You are resistant to electric shocks. (rElec)
You are resistant to unholy torment.
You are immune to petrification.
You have a pair of small antennae on your head.
Your body sometimes deteriorates upon taking damage.
A frigid envelope surrounds you and freezes all who hurt you.
You are weak. (Str -2)


Message History

The orc is severely wounded.
The orc hits you with a +0 flail of protection.
You barely miss the orc.
The orc is severely wounded.
You block the orc's attack. The orc barely misses you.
You hit the orc.
The orc is almost dead.
The orc hits you with a +0 flail of protection.
You barely miss the orc.
The orc is almost dead.
The orc closely misses you.
You hit the orc.
You kill the orc!
Your Axes skill increases to level 5!
No target in view!
No target in view!
No target in view!
No target in view!
No target in view!
HP restored.
You now have 112 gold pieces (gained 12).
You see here a +0 flail of protection.
i - a +0 flail of protection Unknown command.
m - a scroll of amnesia You see here a ball python skeleton.
p - 2 bubbling grey potions (gained 1)
o - 3 coppery potions (gained 2)
Found 6 stones.
Really quaff the potion of mutation?
You feel extremely strange.
You feel weaker.
Your wings grow larger and stronger.
Your toenails lengthen and sharpen.
Really quaff the potion of mutation?
You feel extremely strange.
Your talons dull and shrink into feet.
You float gracefully downwards.
Your wings shrivel and weaken.
Your skin feels very cold.
You feel yourself wasting away. A pair of antennae grows on your head!
Are you sure you want to abandon this character and quit the game? (Confirm with "yes".)

#.......#
##.......#
........# ..^....
....( ... #.# #@#
#.# #.#####
#.#...#
#.#...############
#.................
#...<...÷.....#
#.......÷).##.###
#.#........# ...


There were no monsters in sight!

Vanquished Creatures
  4 kobold brigands (Sewer)
  Terence (D:2)
  4 adders
  A river rat (Sewer)
  5 worms (Sewer)
  4 dart slugs
  An orc (D:3)
  7 ball pythons
  5 endoplasms
  3 giant cockroaches
  4 goblins
  4 hobgoblins
  4 jackals (D:1)
  8 kobolds
  9 quokkas
  6 bats
  6 frilled lizards
  13 rats
89 creatures vanquished.

Vanquished Creatures (others)
  9 plants (D:1)
9 creatures vanquished.

Grand Total: 98 creatures vanquished

Notes
Turn   | Place    | Note
-------+----------+-------------------------------------------
     0 | D:1      | bande the Gargoyle Fighter began the quest for the Orb.
     0 | D:1      | Reached XP level 1. HP: 14/14 MP: 1/1
    70 | D:1      | Reached XP level 2. HP: 19/19 MP: 2/2
   134 | D:1      | Reached skill level 2 in Axes
   261 | D:1      | Reached XP level 3. HP: 24/24 MP: 3/3
   914 | D:2      | Noticed Terence
   929 | D:2      | Killed Terence
   930 | D:2      | Reached skill level 3 in Axes
   930 | D:2      | Reached XP level 4. HP: 16/29 MP: 4/4
  1462 | D:3      | Found a glowing drain.
  1478 | Sewer    | Entered a sewer
  1578 | Sewer    | Reached XP level 5. HP: 33/33 MP: 5/5
  1724 | Sewer    | Noticed a kobold brigand
  1759 | Sewer    | Killed a kobold brigand
  1908 | Sewer    | Noticed a kobold brigand
  1922 | Sewer    | Killed a kobold brigand
  1923 | Sewer    | Reached skill level 4 in Axes
  1923 | Sewer    | Reached XP level 6. HP: 35/39 MP: 6/6
  2215 | Sewer    | Reached XP level 7. HP: 17/44 MP: 7/7
  2558 | D:3      | Reached skill level 5 in Axes
  2595 | D:3      | Gained mutation: You are weak. (Str -2) [potion of
                  | mutation]
  2595 | D:3      | Gained mutation: Your large and strong wings let you fly.
                  | [potion of mutation]
  2595 | D:3      | Gained mutation: You have sharp toenails. [potion of
                  | mutation]
  2596 | D:3      | Lost mutation: You have sharp toenails. [potion of
                  | mutation]
  2596 | D:3      | Lost mutation: Your large and strong wings let you fly.
                  | [potion of mutation]
  2596 | D:3      | Gained mutation: A frigid envelope surrounds you and
                  | freezes all who hurt you. [potion of mutation]
  2596 | D:3      | Gained mutation: Your body sometimes deteriorates upon
                  | taking damage. [potion of mutation]
  2596 | D:3      | Gained mutation: You have a pair of small antennae on your
                  | head. [potion of mutation]
  2597 | D:3      | Quit the game

Illustrated notes

Levels and vault maps discovered:
D:1:      lightli_arrival_lavapool, layout_basic, serial_forest,
          infiniplex_forest_clump_small, infiniplex_forest_clump_double,
          infiniplex_forest_pool, infiniplex_forest_lined_corner,
          infiniplex_forest_end_1, infiniplex_forest_straight_5,
          infiniplex_forest_diagonal, infiniplex_forest_end_2,
          minmay_tetromino_s4
D:2:      layout_loops_ring, uniq_terence
D:3:      layout_loops_ring, pdpol_wu_jian_five_deadly_venoms,
          portal_sewer_entry_f

Skill      XL: |  1  2  3  4  5  6  7 |
---------------+----------------------+-----
Axes           | 2 3 4 5 |  5.0
Fighting       | 4 |  4.7
Armour         | 4 |  4.6
Shields        | 4 |  4.0

Action                     |  1- 3 |  4- 6 |  7- 9 || total
---------------------------+-------+-------+-------++-------
  Melee: War axe           |   113 |   188 |     6 ||   307
    Use: Scroll            |       |     7 |       ||     7
         Potion            |       |       |     2 ||     2
 Armour: Scale mail        |    31 |       |       ||    31
         Chain mail        |    39 |   130 |     1 ||   170
  Dodge: Dodged            |    39 |    66 |     2 ||   107
  Block: Buckler           |    21 |    44 |     1 ||    66

Table legend: (Time is in decaauts)
 A = Elapsed time spent in this place.
 B = Non-inter-level travel time spent in this place.
 C = Inter-level travel time spent in this place.
 D = Time resting spent in this place.
 E = Time spent auto-exploring this place.
 F = Levels seen in this place.
 G = Mean time per level.
                   A        B        C        D        E       F      G
               +--------+--------+--------+--------+--------+-----+--------+
         Total |   2868 |   2819 |     49 |    512 |   1563 |   4 |  717.0 |
       Dungeon |   1599 |   1550 |     49 |     98 |   1027 |   3 |  533.0 |
         Sewer |   1269 |   1269 |      0 |    414 |    535 |   1 | 1269.0 |
               +--------+--------+--------+--------+--------+-----+--------+

Top non-repeatable levels by time:
   Sewer: 1269 daAuts
     D:1: 750 daAuts
     D:2: 734 daAuts
     D:3: 114 daAuts
